 Dungeon Crawl Stone Soup version 0.13-a0-1590-g33f0eee (webtiles) character file.

99 Impy the Ruffian (level 3, 0/30 HPs)
             Began as a Gargoyle Monk on June 13, 2013.
             Was a Follower of Okawaru.
             Killed from afar by Sigmund (10 damage)
             ... with a puff of flame
             ... on Level 2 of the Dungeon.
             The game lasted 00:05:14 (1046 turns).

Impy the Ruffian (Gargoyle Monk)                    Turns: 1046, Time: 00:05:14

HP   0/30        AC  2     Str 14      XL: 3   Next: 70%
MP   0/2         EV 16     Int 11      God: Okawaru [*.....]
Gold 52          SH  0     Dex 11      Spells:  0 memorised,  2 levels left

Res.Fire  : . . .   See Invis. : +     - Unarmed
Res.Cold  : + . .   Warding    : .   a - +0 robe
Life Prot.: + . .   Conserve   : .   (no shield)
Res.Poison: .       Res.Corr.  : .   (no helmet)
Res.Elec. : .       Clarity    : .   (no cloak)
Sust.Abil.: . .     Spirit.Shd : .   (no gloves)
Res.Mut.  : .       Stasis     : .   (no boots)
Res.Rott. : .       Flight     : .   (no amulet)
Saprovore : . . .                    (no ring)
                                     (no ring)

@: heroism, not resistant to hostile enchantments, quite stealthy
A: fangs 1, talons 2, see invisible, cold resistance 1, life protection 1, slow
metabolism 1, petrification resistance, trample resistance, Dex -1
a: Heroism, Renounce Religion


You were on level 2 of the Dungeon.
You worshipped Okawaru.
Okawaru was most pleased with you.
You were not hungry.

You visited 1 branch of the dungeon, and saw 2 of its levels.

You collected 52 gold pieces.

Inventory:

Armour
 a - a +0 robe (worn)
Comestibles
 b - 2 bread rations
 f - a choko
 h - an apple
Jewellery
 d - a +4 ring of evasion {unknown}
 j - an uncursed ring of ice {unknown}
Potions
 c - a potion of curing


   Skills:
 - Level 3.2(8.2) Fighting
 + Level 3.5(8.5) Dodging
 - Level 2.1(7.1) Stealth
 + Level 5.1(10.1) Unarmed Combat


You had 2 spell levels left.
You didn't know any spells.

Dungeon Overview and Level Annotations

Branches:
Dungeon (2/27)

Altars:
Okawaru

Annotations
D:2 Sigmund


Innate Abilities, Weirdness & Mutations

You have very sharp teeth.
You have razor-sharp toenails.
Your flesh is cold resistant.
You resist negative energy.
You have a slow metabolism.
You are immune to petrification.
You are resistant to trampling.
You have supernaturally acute eyesight.
You are clumsy (Dex -1).


Message History

There is an open door here.
Sigmund shouts!
Sigmund hits you from afar with a scythe!
You see here a club.
Sigmund gestures at you while chanting. The puff of flame hits you!
Use which ability? (? or * to list)
You gain the combat prowess of a mighty hero.
You feel slightly more hungry. Sigmund closely misses you.
You closely miss Sigmund. You punch Sigmund! Your kick misses Sigmund.
Sigmund is moderately wounded.
Sigmund closely misses you.
You punch Sigmund!
Sigmund is heavily wounded.
You barely miss Sigmund. You bite Sigmund, but do no damage.
Sigmund is heavily wounded.
Sigmund casts a spell at you. The puff of flame hits you!
You die...

.# ########## .#######
#........############
....?..######........#....^##....
.......'.............'...........
.......#.##..........#.....##....
#......#.#...........########....
#......#...##...##..........^....
#[.....##..#)...@#..###........##
#########....._.@...# #........+
#..#)...)#..###........##
#..##...##....#####.#...#
#.............# #..<..#
#########............(###########
....[..####.#..+......'.^.......)
.......# #.####......###########
.......####.)..................
.......'........................


You could see Sigmund.

Vanquished Creatures
  A giant gecko (D:1)
  6 bats
  3 giant cockroaches
  4 hobgoblins
  4 training dummies (D:2)
  2 giant newts
  5 goblins
  6 jackals (D:1)
  7 kobolds
  2 rats
40 creatures vanquished.

Vanquished Creatures (others)
  A jackal (D:1)
1 creature vanquished.

Grand Total: 41 creatures vanquished

Notes
Turn   | Place    | Note
--------------------------------------------------------------
     0 | D:1      | Impy, the Gargoyle Monk, began the quest for the Orb.
     0 | D:1      | Reached XP level 1. HP: 17/17 MP: 0/0
   256 | D:1      | Reached XP level 2. HP: 21/24 MP: 1/1
   573 | D:1      | Reached XP level 3. HP: 28/30 MP: 2/2
   652 | D:1      | Reached skill level 5 in Unarmed Combat
   781 | D:2      | Found an iron altar of Okawaru.
   788 | D:2      | Became a worshipper of Warmaster Okawaru
   788 | D:2      | Acquired Okawaru's first power
   860 | D:2      | Noticed Sigmund
   865 | D:2      | Gained mutation: You have supernaturally acute eyesight. [potion of mutation]
   865 | D:2      | Gained mutation: You are clumsy (Dex -1). [potion of mutation]
  1046 | D:2      | Killed from afar by Sigmund

Action                   || total
-------------------------++-------
Melee: Unarmed           ||   111
Invok: Heroism           ||     1
  Use: Scroll            ||     6
       Potion            ||     3
 Stab: Sleeping          ||     1
